[Event "*** Titled Tuesday Blitz"]
[Site "Chess.com"]
[Date "2020.05.12"]
[Round "5"]
[White "Reader777"]
[Black "LiamVrolijk"]
[Result "1-0"]
[WhiteElo "2610"]
[BlackElo "2793"]
[TimeControl "180+1"]
[EndTime "10:56:18 PDT"]
[Termination "Reader777 won by resignation"]

1. d4 Nf6 2. c4 e6 3. g3 d5 4.
Bg2 Be7 5. Nf3 O-O 6. O-O dxc4 7. Qc2 a6 8. a4 Bd7 9. Qxc4 Bc6 10. Bg5 Nbd7 11.
Nc3 h6 12. Bxf6 Nxf6 13. Rfd1 a5 14. Rac1 Bxf3 15. Bxf3 c6 16. Qb3 Qd7 17. e4 Rfd8 18. d5 cxd5 19. exd5 e5 20. d6 Bxd6 21. Qxb7 Qxb7 22.
Bxb7 Rab8 23. Bc6 Rxb2 24. Nb5 Be7 25. Rxd8+ Bxd8 26. Nd6 Bb6 27. Nc4 Bxf2+ 28. Kh1 Ra2 29. Nxe5 Bd4 30. Nf3 Be3 31. Rf1 Ng4 32. Bd5 Nf2+ 33. Kg2 Rxa4 34. Rxf2 Bxf2 35. Kxf2 Rb4 36. Ke3 a4 37. Ne5 a3 38. Nxf7 Kf8 39. Ne5 Rb5 40. Ng6+ Ke8 41. Bc4 Rb2 42. h4 a2 43. Bxa2 Rxa2 44.
Nf4 Kf7 45. Kf3 Kf6 46. Kg4 Ra4 47. h5 Rb4 48. Kf3 Kf5 49. g4+ Ke5 50. Nd3+ 1-0

[Event "*** Titled Tuesday Blitz"]
[Site "Chess.com"]
[Date "2020.05.12"]
[Round "5"]
[White "Ceejay271"]
[Black "Margarita2907"]
[Result "1-0"]
[WhiteElo "2359"]
[BlackElo "2005"]
[TimeControl "180+1"]
[EndTime "10:56:18 PDT"]
[Termination "Ceejay271 won by resignation"]

1. d4 Nf6 2. c4 e6 3. Nc3 d5 4.
Nf3 Nbd7 5. g3 Be7 6. Bg2 O-O 7.
O-O c6 8. Qd3 b6 9. e4 Ba6 10.
b3 Bb7 11. Rd1 Rc8 12. Bb2 c5 13. cxd5 exd5 14. Nxd5 Nxd5 15. exd5 Nf6 16. dxc5 Bxc5 17. Ne5 Qd6 18. h3 Rfd8 19. Qf5 Ba3 20. Bxa3 Qxa3 21.
Nc6 Bxc6 22. dxc6 Qe7 23. Rxd8+ Qxd8 24. Rc1 Rc7 25. Qc2 g6 26. Rd1 Qe7 27. Qc3 h5 28.
Re1 Qd6 29. h4 Kh7 30. b4 a5 31. b5 a4 32. Qe5 Qxe5 33. Rxe5 Kg7 34. Re3 Kf8 35. Kf1 Ne8 36. a3 Nd6 37. Re5 Nc4 38. Rd5 Ke7 39. Ke1 Nxa3 40. Bf1 Nc2+ 41. Kd2 Nb4 42. Rd4 Na2 43. Rxa4 Kd6 44. Rxa2 Kc5 45.
Ra8 Re7 46. Rb8 Rc7 47. Rb7 Re7 48. Rxe7 1-0

[Event "*** Titled Tuesday Blitz"]
[Site "Chess.com"]
[Date "2020.05.12"]
[Round "5"]
[White "Batsai"]
[Black "FGHSMN"]
[Result "1-0"]
[WhiteElo "2275"]
[BlackElo "2489"]
[TimeControl "180+1"]
[EndTime "10:56:18 PDT"]
[Termination "Batsai won by resignation"]

1. e4 c5 2. Nf3 d6 3. d4 cxd4 4. Nxd4 Nf6 5. Nc3 a6 6. Bg5 e6 7. Qf3 Be7 8. O-O-O O-O 9. e5 Ne8 10. Bxe7 Qxe7 11. exd6 Nxd6 12. Bd3 Nd7 13. Rhe1 Qg5+ 14. Kb1 Ne5 15. Qg3 Qxg3 16. hxg3 Nxd3 17. Rxd3 Nc4 18. b3 Na5 19. Re5 b5 20. a4 f6 21. Rc5 e5 22.
Nc6 Nxc6 23. Rxc6 bxa4 24. Nxa4 Bf5 25. Rdd6 Be4 26. Rc7 Rac8 27. Rdd7 Rxc7 28. Rxc7 Bxg2 29. Nc5 Ra8 30. Ne6 g6 31. Rg7+ Kh8 32. Rf7 f5 33.
Ng5 h5 34. c4 e4 35. Kc2 Re8 36. Kd2 Rd8+ 37. Ke3 Rd3+ 38. Kf4 Rxb3 39. Ke5 Rb6 40. Ne6 Bf1 41. c5 Rc6 42. Rf8+ Kh7 43. Kd5 Bb5 44. Nd4 Rc7 45. Nxb5 axb5 46. c6 b4 47. Kd6 Ra7 48. c7 Rxc7 49. Kxc7 b3 50. Rb8 g5 51. Kd6 Kg6 52. Ke5 h4 53. gxh4 gxh4 54.
Kf4 h3 55. Rxb3 1-0

[Event "*** Titled Tuesday Blitz"]
[Site "Chess.com"]
[Date "2020.05.12"]
[Round "5"]
[White "KuzubovYuriy"]
[Black "mbachez"]
[Result "1-0"]
[WhiteElo "2679"]
[BlackElo "2486"]
[TimeControl "180+1"]
[EndTime "10:56:19 PDT"]
[Termination "KuzubovYuriy won by resignation"]

1. d4 Nf6 2. Nf3 d5 3. c4 c6 4. e3 Bf5 5. Nc3 e6 6. Nh4 Be4 7. Qb3 Qb6 8. Qxb6 axb6 9. cxd5 exd5 10. f3 Bc2 11. Kd2 Bg6 12. Nxg6 hxg6 13. Kc2 b5 14. Bd2 Bd6 15. h3 Nbd7 16. Bd3 O-O 17. a4 b4 18.
Ne2 c5 19. dxc5 Bxc5 20. Bb5 Rac8 21. Kb3 Rfe8 22. Nd4 Bd6 23. Rac1 Kf8 24. Rxc8 Rxc8 25. Bxb4 Bxb4 26. Kxb4 Ke7 27. Rd1 Ne5 28. b3 Nc6+ 29. Bxc6 bxc6 30. Kc3 Kd6 31. b4 c5 32. Nb5+ Ke6 33.
bxc5 Rxc5+ 34. Kb3 Nd7 35. Ra1 Rc4 36. Nd4+ Kd6 37.
a5 Nc5+ 38. Kb2 Nd3+ 39. Ka3 Rc3+ 40. Ka4 Kc5 41. Nb3+ Kc4 42. Nd2+ Kc5 43. Rb1 Rc2 44. Nb3+ Kc4 45. Ra1 Nb2+ 46. Ka3 Rc3 47. Rc1 Rxc1 48. Nxc1 Kc3 49. Na2+ Kc2 50. Nb4+ Kc3 51. Nxd5+ Kc2 52. a6 Nc4+ 53. Kb4 Nd6 54. a7 1-0

[Event "*** Titled Tuesday Blitz"]
[Site "Chess.com"]
[Date "2020.05.12"]
[Round "5"]
[White "shav3184"]
[Black "GoValya"]
[Result "1-0"]
[WhiteElo "2339"]
[BlackElo "2167"]
[TimeControl "180+1"]
[EndTime "10:56:19 PDT"]
[Termination "shav3184 won by checkmate"]

1. e4 e6 2. d4 d5 3. Nd2 c5 4. exd5 exd5 5. dxc5 Bxc5 6. Ngf3 Nf6 7. Bd3 O-O 8. O-O Nc6 9. c3 h6 10. h3 Re8 11. Nb3 Bd6 12. Nbd4 Ne4 13. Re1 Bb8 14. Nxc6 bxc6 15. Bxe4 dxe4 16. Qxd8 Rxd8 17. Rxe4 Bf5 18.
Re1 Bc7 19. Be3 a5 20. Bc5 Be6 21. Nd4 Bd5 22. b3 Bd6 23. Bxd6 Rxd6 24. Nf5 Rd7 25. Ne7+ Kf8 26. Nxd5 Rxd5 27. Re2 a4 28. c4 Rd3 29. b4 a3 30. Rae1 Rc3 31. c5 g6 32.
Re7 Rb8 33. R1e4 Rc2 34. Rc7 Rxa2 35. Ree7 Rc2 36. Rxf7+ Ke8 37. Rh7 Kd8 38. Rcd7+ Kc8 39. Ra7 Rd2 40. Rxa3 Rxb4 41. Ra8+ Rb8 42. Rh8+ Kc7 43.
Raxb8 Rd1+ 44. Kh2 Rd5 45. Rbg8 Rxc5 46. Rxg6 Rc2 47.
f3 Kb6 48. Rhxh6 Kb5 49. Rxc6 Rxc6 50. Rxc6 Kxc6 51. Kg3 Kd6 52. Kf4 Ke6 53. g4 Kf7 54.
h4 Kg6 55. h5+ Kh6 56. Kf5 Kh7 57. f4 Kh8 58. Kf6 Kh7 59. g5 Kh8 60. Kf7 Kh7 61.
g6+ Kh8 62. g7+ Kh7 63. g8=Q+ Kh6 64. Qg6# 1-0

[Event "*** Titled Tuesday Blitz"]
[Site "Chess.com"]
[Date "2020.05.12"]
[Round "5"]
[White "FairChess_on_YouTube"]
[Black "Anuar_Is"]
[Result "0-1"]
[WhiteElo "3063"]
[BlackElo "2795"]
[TimeControl "180+1"]
[EndTime "10:56:20 PDT"]
[Termination "Anuar_Is won by resignation"]

1. e4 c5 2. Nc3 Nc6 3. Nge2 Nf6 4. d4 cxd4 5. Nxd4 e5 6. Nde2 Bc5 7. Ng3 O-O 8. Be2 a6 9. O-O d6 10. Bg5 h6 11. Bxf6 Qxf6 12. Nd5 Qg5 13. c3 Rb8 14. a4 Ne7 15. Nxe7+ Qxe7 16. Nf5 Qf6 17. Qd3 Rd8 18. Ne3 Be6 19. Nd5 Qg5 20. Rfd1 Kh8 21.
Qg3 Qxg3 22. hxg3 Kg8 23. a5 Kf8 24. Rd2 Rbc8 25. Rad1 Ba7 26. Nb4 Ke7 27. Nd5+ Kf8 28. Nb4 Ke7 29. Kf1 Rc5 30. Ra1 Bb8 31. Nd3 Rc4 32.
f3 Ba7 33. Nb4 Rc5 34. Nd3 Rc7 35. Nb4 Rc5 36. Nd3 Rcc8 37. Nb4 h5 38. Nd5+ Kf8 39. Rad1 Rc5 40. b4 Rcc8 41. c4 Bd4 42. Rxd4 exd4 43. Rxd4 Bxd5 44. Rxd5 g6 45. f4 Ke7 46.
Kf2 Rc7 47. Ke3 Rh8 48. e5 dxe5 49. Rxe5+ Kf6 50. c5 h4 51. gxh4 Rxh4 52. Bf3 Rh1 53. Re8 Re1+ 54. Kf2 Rxe8 0-1

[Event "*** Titled Tuesday Blitz"]
[Site "Chess.com"]
[Date "2020.05.12"]
[Round "5"]
[White "viditchess"]
[Black "Raja3401"]
[Result "1-0"]
[WhiteElo "2956"]
[BlackElo "2776"]
[TimeControl "180+1"]
[EndTime "10:56:20 PDT"]
[Termination "viditchess won on time"]

1. d4 Nf6 2. c4 e6 3. Nc3 Bb4 4. e3 d5 5. a3 Bxc3+ 6. bxc3 O-O 7. cxd5 exd5 8. Bd3 c5 9. Ne2 b6 10. O-O Ba6 11.
f3 Re8 12. Ra2 Qc8 13. Ng3 Bxd3 14. Qxd3 Qa6 15. Qd1 Qc4 16. Re2 Nc6 17. Bb2 Rad8 18. Rfe1 h5 19. Qb1 g6 20. Nf1 h4 21. Qd1 Re6 22. Nd2 Qb5 23. Ba1 Nh5 24. dxc5 bxc5 25. c4 dxc4 26. Qc2 c3 27. Ne4 Qc4 28. Bxc3 h3 29.
g4 Ng7 30. Bf6 Qxc2 31. Rxc2 Rd3 32. Bb2 Ne5 33. Bxe5 Rxe5 34. Kf2 Ne6 35. Rec1 Rxa3 36. Nf6+ Kg7 37. Ne8+ Kf8 38. Nf6 Rexe3 39. Kg1 Rxf3 40. Nd7+ Kg7 41. Ne5 Rfe3 42. Nc4 Reb3 43. Nxa3 Rxa3 44.
Rc3 Ra4 45. Rxh3 Rxg4+ 46. Rg3 Rd4 47. Ra1 Rd1+ 48. Rxd1 1-0

[Event "*** Titled Tuesday Blitz"]
[Site "Chess.com"]
[Date "2020.05.12"]
[Round "5"]
[White "LizaSolovyova"]
[Black "Kezin_Roman"]
[Result "0-1"]
[WhiteElo "2592"]
[BlackElo "2793"]
[TimeControl "180+1"]
[EndTime "10:56:20 PDT"]
[Termination "Kezin_Roman won on time"]

1. d4 d5 2. Nc3 Nf6 3. Bg5 Nbd7 4.
e4 dxe4 5. f3 h6 6. Bh4 exf3 7.
Nxf3 g6 8. Bc4 Bg7 9. Qe2 O-O 10. O-O-O Nb6 11. Bb3 Nbd5 12. Ne4 Bf5 13. Nxf6+ Nxf6 14. Rhe1 e6 15. h3 g5 16. Bg3 a5 17. a3 a4 18.
Ba2 Ra6 19. Ne5 Rd6 20. Bf2 Nd5 21. g4 Bh7 22. Bg3 Qe7 23. Nd3 Rdd8 24. Nc5 b6 25.
Ne4 Nf4 26. Bxf4 gxf4 27. c3 c5 28. dxc5 bxc5 29. Qc4 Rxd1+ 30. Rxd1 Rd8 31. Qxc5 Rxd1+ 32. Kxd1 Qb7 33. Nf2 Qxb2 34. Qc8+ Bf8 35. Bxe6 Qxf2 36. Bc4 Qf3+ 37. Kd2 Qe3+ 38. Kd1 Qe4 39. Qc7 Qc2+ 40. Ke1 Qxc3+ 41. Kf1 Bd3+ 42. Kf2 Qxc4 0-1

[Event "*** Titled Tuesday Blitz"]
[Site "Chess.com"]
[Date "2020.05.12"]
[Round "5"]
[White "GadimbayliA"]
[Black "aNaartjieZA"]
[Result "1/2-1/2"]
[WhiteElo "2830"]
[BlackElo "2605"]
[TimeControl "180+1"]
[EndTime "10:56:20 PDT"]
[Termination "Game drawn by repetition"]

1. e4 e6 2. d4 d5 3. Nd2 Nf6 4. e5 Nfd7 5. Bd3 c5 6. c3 Nc6 7. Ndf3 cxd4 8. cxd4 f6 9. exf6 Nxf6 10. Nh3 Bd6 11. O-O O-O 12. Re1 e5 13. dxe5 Bxh3 14.
exd6 Bg4 15. Bf4 Nh5 16. Bg3 Nxg3 17. hxg3 Qxd6 18. Bxh7+ Kh8 19. Bc2 Rf6 20. Qd3 Bf5 21. Qd2 Bxc2 22. Qxc2 Raf8 23. Rad1 Rf5 24. Rd2 Qh6 25. Nh4 R5f6 26. Rxd5 Nb4 27. Qc5 Nxd5 28. Qxd5 Rxf2 29. Re5 g6 30. Rg5 R2f6 31. Nxg6+ Rxg6 32.
Rh5 Qxh5 33. Qxh5+ Kg7 34. Qe5+ Kg8 35. Qd5+ Rf7 36.
Qd8+ Kh7 37. Qh4+ Kg8 38. g4 Rfg7 39. Qg3 Rxg4 40. Qb8+ Kh7 41. Qh2+ Kg8 42. Qh3 a6 43. Qf3 Kh7 44. Qf5+ Kg8 45. Qd5+ Kf8 46. Qd8+ Kf7 47.
Qd7+ Kg8 48. Qe8+ Kh7 49. Qh5+ Kg8 50. Qd5+ Kh7 51. Qf3 Kg8 52. Qd5+ 1/2-1/2

[Event "*** Titled Tuesday Blitz"]
[Site "Chess.com"]
[Date "2020.05.12"]
[Round "5"]
[White "Arjun2002"]
[Black "IMTominho"]
[Result "0-1"]
[WhiteElo "2663"]
[BlackElo "2843"]
[TimeControl "180+1"]
[EndTime "10:56:22 PDT"]
[Termination "IMTominho won on time"]

1. e4 e5 2. Nf3 Nf6 3. Nxe5 d6 4. Nf3 Nxe4 5. c4 Be7 6. Nc3 Nf6 7. d4 O-O 8. Bd3 Bg4 9. h3 Bh5 10. O-O Nc6 11. Be3 d5 12. c5 b6 13. cxb6 axb6 14. a3 Na5 15. g4 Bg6 16. Ne5 Bxd3 17. Qxd3 c5 18. Rad1 c4 19. Qe2 Ne8 20. f4 Rb8 21. Qg2 Nc7 22. f5 b5 23. Na2 f6 24. Nf3 Nc6 25. Bd2 b4 26. Nxb4 Nxb4 27. axb4 Bxb4 28. Bc3 Bxc3 29. bxc3 Rb3 30. Rc1 Nb5 31. Qd2 Qd6 32. Kg2 Qa3 33. Ra1 Qb2 34. Qxb2 Rxb2+ 35. Rf2 Rb3 36.
Ra5 Nxc3 37. Nd2 Rb2 38. Rc5 Re8 39. Rc7 Re2 40. Rxe2 Nxe2 41. Nf3 Nxd4+ 42. Kg3 Nxf3 43.
Kxf3 Rd2 44. Kf4 Rd4+ 45. Ke3 Rd3+ 46. Kf4 c3 47. Rc8+ Kf7 48. Rc7+ Kf8 49. h4 Rd4+ 50. Ke3 Rc4 0-1

[Event "*** Titled Tuesday Blitz"]
[Site "Chess.com"]
[Date "2020.05.12"]
[Round "5"]
[White "tioloko"]
[Black "sergiochess83"]
[Result "1-0"]
[WhiteElo "2639"]
[BlackElo "2811"]
[TimeControl "180+1"]
[EndTime "10:56:22 PDT"]
[Termination "tioloko won by resignation"]

1. Nf3 d5 2. b3 Bg4 3. Bb2 Bxf3 4. exf3 e6 5. f4 Nf6 6. g3 c5 7.
Bg2 Nc6 8. O-O Be7 9. Re1 O-O 10. d3 Rc8 11. Nd2 Nd7 12. Nf3 Bf6 13. c3 b5 14.
Qd2 Qc7 15. Rac1 Rfd8 16. d4 a5 17. Ne5 Be7 18. Nxc6 Qxc6 19. c4 bxc4 20. bxc4 Bf6 21. cxd5 exd5 22. dxc5 Bxb2 23. Qxb2 Nxc5 24. Qd4 Qd6 25.
h4 Ne6 26. Rxc8 Nxd4 27. Re8+ Rxe8 28. Rxe8+ Qf8 29. Rxf8+ Kxf8 30. Bxd5 Ke7 31. Kf1 f6 32. Ke1 Kd6 33. Bg8 h6 34. Kd2 Kc5 35. Kd3 a4 36. Ke4 Nc6 37. h5 Ne7 38. Be6 Kd6 39. Bc4 Kc5 40. Be6 Kd6 41. Bf7 Kc5 42. a3 Kb5 43. Be8+ Ka5 44. g4 Nc8 45. Kd5 Nb6+ 46. Ke6 Nc4 47. Kf7 Nxa3 48. Bxa4 Kxa4 49. Kxg7 Kb5 50. Kxh6 Kc6 51. Kg6 1-0

[Event "*** Titled Tuesday Blitz"]
[Site "Chess.com"]
[Date "2020.05.12"]
[Round "5"]
[White "TregubovP"]
[Black "KaterynaLagno"]
[Result "1/2-1/2"]
[WhiteElo "2539"]
[BlackElo "2690"]
[TimeControl "180+1"]
[EndTime "10:56:22 PDT"]
[Termination "Game drawn by repetition"]

1. e4 e5 2. Nf3 Nc6 3. Bb5 g6 4. d4 exd4 5. Bg5 Be7 6. Bxe7 Qxe7 7. O-O d6 8. Qxd4 f6 9. Nc3 Bd7 10. Qe3 Be6 11. Nd4 Qd7 12. Nd5 Bf7 13. Qc3 a6 14. Ba4 b5 15. Nxb5 axb5 16. Bxb5 Bxd5 17. exd5 Nge7 18. Qxf6 Rf8 19. dxc6 Rxf6 20. cxd7+ Kd8 21. Rfe1 c6 22. Bxc6 Rb8 23. Ba4 Rxb2 24. h3 Rf4 25. Rxe7 Rxa4 26. Rxh7 Rbxa2 27. Re1 Ra1 28. Rxa1 Rxa1+ 29. Kh2 Rc1 30. Rg7 Rxc2 31. Kg3 Re2 32. h4 Re6 33.
Kg4 d5 34. f4 d4 35. f5 Re4+ 36. Kf3 gxf5 37. h5 Rh4 38. Rg5 Kxd7 39. Rxf5 Ke6 40. Ra5 d3 41. Ke3 Rg4 42. Ra2 Rg5 43. h6 Kf7 44. Kxd3 Rh5 45. Ra6 Rg5 46. Ke4 Rxg2 47. Kf5 Kg8 48. Ra7 Kh8 49. Kf6 Rf2+ 50. Kg6 Rg2+ 51. Kf6 Rf2+ 52. Kg6 Rg2+ 53. Kf6 1/2-1/2

[Event "*** Titled Tuesday Blitz"]
[Site "Chess.com"]
[Date "2020.05.12"]
[Round "5"]
[White "francyIM"]
[Black "chessablanca"]
[Result "1-0"]
[WhiteElo "2674"]
[BlackElo "2476"]
[TimeControl "180+1"]
[EndTime "10:56:22 PDT"]
[Termination "francyIM won by resignation"]

1. d4 Nf6 2. c4 e6 3. Nc3 Bb4 4. g3 O-O 5. Bg2 d6 6. Nf3 Nbd7 7. O-O Bxc3 8. bxc3 e5 9. Qc2 c6 10. e4 Re8 11.
Re1 Qc7 12. Qd3 b6 13. Nd2 Bb7 14. f4 Rad8 15. Nf3 h6 16. a4 a6 17. Nh4 c5 18. d5 Bc8 19. Nf5 Kh7 20. Qe3 exf4 21.
gxf4 Nf8 22. Nxg7 Kxg7 23. e5 Ng4 24. Qg3 dxe5 25. h3 Ng6 26. f5 Bxf5 27. hxg4 Bc8 28. g5 h5 29. Be4 Rh8 30. Rf1 Qe7 31. Rf6 h4 32. Qf2 Rdf8 33. a5 b5 34. Be3 Nf4 35.
Kh2 Qd7 36. Bf5 Qe7 37. Bxc5 Qc7 38. Bxf8+ Rxf8 39. c5 Bxf5 40. Rxf5 Qd7 41. Rxf4 exf4 42. Qd4+ f6 43. Rg1 Kh7 44. gxf6 Qf5 45. Rg7+ Kh6 46.
Re7 Qc2+ 47. Kh1 Qb1+ 48. Qg1 Qf5 49. Qg7+ Kh5 50. Qh7+ Qxh7 51. Rxh7+ Kg6 52. Rxh4 Rxf6 53. d6 Kf7 54. Rh7+ Ke6 55. Rg7 f3 56. Kg1 Rf8 57.
Kf2 Kd5 58. Rc7 Kc4 59. d7 Rd8 60. c6 Kxc3 61. Rc8 1-0

[Event "*** Titled Tuesday Blitz"]
[Site "Chess.com"]
[Date "2020.05.12"]
[Round "5"]
[White "IMAghasiyevKamal"]
[Black "Anton_Demchenko"]
[Result "1-0"]
[WhiteElo "2529"]
[BlackElo "2811"]
[TimeControl "180+1"]
[EndTime "10:56:22 PDT"]
[Termination "IMAghasiyevKamal won by resignation"]

1. d4 Nf6 2. c4 d6 3. Nc3 e5 4. Nf3 Nc6 5. dxe5 dxe5 6. Qxd8+ Kxd8 7. Bg5 Be6 8. Nd5 Bb4+ 9. Nxb4 Nxb4 10. O-O-O+ Kc8 11.
Bxf6 gxf6 12. a3 Na6 13. e3 Nc5 14. Nd2 a5 15. b3 Rd8 16. Be2 Ra6 17. b4 axb4 18.
axb4 Nd3+ 19. Bxd3 Rxd3 20. Kc2 Rda3 21. Rb1 Rd6 22. Ra1 Rda6 23. Kb2 R3a4 24. Rxa4 Rxa4 25. Kc3 Ra2 26. Rb1 Kd7 27. Rb2 Ra3+ 28. Rb3 Ra8 29.
Ne4 Ke7 30. Nc5 Bc8 31. Kb2 b6 32. Ne4 Bb7 33. Ng3 Bxg2 34. e4 Bh3 35. Ra3 Rxa3 36.
Kxa3 Be6 37. c5 Kd7 38. Ka4 bxc5 39. bxc5 Bg4 40. Kb4 Kc6 41. Kc4 Be2+ 42. Kb4 h6 43. Nxe2 Kd7 44. Ng3 Ke6 45. Nf5 h5 46. h4 Kd7 47.
Kc4 Kc6 48. Ng7 Kd7 49. Nxh5 Kc6 50. Nxf6 Kb7 51. h5 1-0

[Event "*** Titled Tuesday Blitz"]
[Site "Chess.com"]
[Date "2020.05.12"]
[Round "5"]
[White "Fy_Rakotomaharo"]
[Black "2346PL"]
[Result "1-0"]
[WhiteElo "2648"]
[BlackElo "2461"]
[TimeControl "180+1"]
[EndTime "10:56:22 PDT"]
[Termination "Fy_Rakotomaharo won by resignation"]

1. e4 c5 2. Nf3 Nf6 3. e5 Nd5 4. Nc3 e6 5. Nxd5 exd5 6. d4 Qb6 7. c3 Nc6 8. Be2 cxd4 9. cxd4 Bb4+ 10. Kf1 Be7 11.
h4 d6 12. Bg5 dxe5 13. dxe5 Be6 14. g3 Bc5 15. Qe1 h6 16. Bd2 O-O 17. Kg2 Rae8 18.
b4 Bd4 19. Nxd4 Qxd4 20. Bc3 Qb6 21. f4 d4 22. Bd2 Bd5+ 23. Bf3 Bxf3+ 24. Kxf3 f6 25.
e6 f5 26. Qe2 Rf6 27. Qc4 Ne7 28. Rhe1 Qc6+ 29. Qxc6 Nxc6 30. b5 Nd8 31. e7 Ne6 32.
Bb4 Nc7 33. a4 Nd5 34. Bc5 d3 35. Rad1 b6 36. Ba3 Nc3 37. Rxd3 Nxa4 38. Re5 Kf7 39. h5 Nc5 40. Bxc5 bxc5 41. Rxc5 Rxe7 42. Rdd5 g6 43. hxg6+ Kxg6 44. Rc6 Rxc6 45. bxc6 Rc7 46. Rd6+ Kh5 47. Rf6 a6 48. Rxf5+ Kg6 49. Rc5 Kf6 50. g4 Ke6 51. Ke4 Kd6 52. Rh5 Kxc6 53. Rxh6+ Kc5 54. g5 a5 55. Ra6 Kb5 56. Ra8 Kb6 57. g6 1-0

[Event "*** Titled Tuesday Blitz"]
[Site "Chess.com"]
[Date "2020.05.12"]
[Round "5"]
[White "Nikolaj_6"]
[Black "chenrip"]
[Result "1-0"]
[WhiteElo "2568"]
[BlackElo "2328"]
[TimeControl "180+1"]
[EndTime "10:56:22 PDT"]
[Termination "Nikolaj_6 won by resignation"]

1. e4 e6 2. d4 d5 3. Nc3 Bb4 4. e5 c5 5. a3 Bxc3+ 6. bxc3 Ne7 7. h4 Qa5 8. Bd2 Qa4 9. Rb1 a6 10. h5 h6 11. Nf3 Nbc6 12. Bd3 c4 13. Be2 b5 14.
O-O Nf5 15. Qc1 Bd7 16. g4 Nfe7 17. Nh4 O-O-O 18. f4 g6 19. hxg6 fxg6 20. Ng2 h5 21. f5 exf5 22. gxh5 gxh5 23. Bg5 Rdg8 24. Bf6 Rh7 25. Kh2 h4 26. Nf4 Rg3 27. Rf3 Ng6 28. Nxd5 Kb7 29. Bg5 Rg7 30. Nf6 Ngxe5 31. dxe5 R3xg5 32.
Nxd7 Rg2+ 33. Kh1 Qa5 34. Nc5+ Ka8 35. Qe3 Qc7 36. Ne6 Qxe5 37. Qxe5 Nxe5 38. Nxg7 Rxe2 39. Rxf5 Ng4 40. a4 Nf2+ 41. Kg1 Nh3+ 42. Kf1 Rh2 43. axb5 Rh1+ 44. Kg2 Rxb1 45. Kxh3 axb5 46. Kxh4 Rb2 47. Rf2 Kb7 48. Ne6 Kb6 49. Kg4 Ka5 50. Nc7 b4 51.
cxb4+ Kxb4 52. Nd5+ Kc5 53. Ne3 Kd4 54. Kf4 c3 55. Rf1 Ra2 56. Rd1+ Kc5 57. Rd3 Kb4 58. Ke4 Ra4 59. Rd4+ Ka3 60. Rxa4+ Kb2 1-0

[Event "*** Titled Tuesday Blitz"]
[Site "Chess.com"]
[Date "2020.05.12"]
[Round "5"]
[White "Aureliano-Buendia"]
[Black "Chessmasterzt"]
[Result "0-1"]
[WhiteElo "2404"]
[BlackElo "2566"]
[TimeControl "180+1"]
[EndTime "10:56:23 PDT"]
[Termination "Chessmasterzt won by checkmate"]

1. d4 Nf6 2. c4 d6 3. Nc3 Bf5 4. f3 h6 5. e4 Bh7 6. Be3 Nbd7 7. Qd2 e5 8. d5 Be7 9. Bd3 Nh5 10.
Nge2 Bg5 11. g3 Bxe3 12. Qxe3 Qg5 13. f4 exf4 14. gxf4 Qh4+ 15. Kd2 g5 16. Raf1 gxf4 17. Nxf4 Ne5 18. Nxh5 Qxh5 19. Be2 Qg5 20. Rhg1 Qxe3+ 21. Kxe3 Ke7 22. Nb5 c5 23. dxc6 bxc6 24. Nd4 c5 25. Nb5 Rab8 26. b3 Rhg8 27. Nc3 Rxg1 28. Nd5+ Kf8 29.
Rxg1 Bg6 30. Bh5 Re8 31. Bxg6 fxg6 32. Rf1+ Kg7 33. h3 Nf7 34. Rf6 Re5 35. h4 Rxd5 36. Rxf7+ Kxf7 37. exd5 a5 38. a3 Kf6 39. Ke4 g5 40. h5 Kg7 41. Kf5 Kf7 42. a4 Ke7 43.
Kg6 g4 44. Kxh6 g3 45. Kg7 g2 46. h6 g1=Q+ 47. Kh8 Qg6 48. h7 Qf7 49. b4 Qf8# 0-1

[Event "*** Titled Tuesday Blitz"]
[Site "Chess.com"]
[Date "2020.05.12"]
[Round "5"]
[White "baby_leo"]
[Black "floplover"]
[Result "0-1"]
[WhiteElo "2076"]
[BlackElo "2234"]
[TimeControl "180+1"]
[EndTime "10:56:23 PDT"]
[Termination "floplover won on time"]

1. Nf3 Nf6 2. c4 e6 3. g3 d5 4. Bg2 Be7 5. b3 O-O 6. Bb2 c5 7. O-O d4 8. e3 Nc6 9. exd4 cxd4 10. d3 Re8 11. Re1 Bd6 12. Na3 e5 13. Nc2 a5 14. a3 h6 15. h4 Bf5 16. Qe2 Qb6 17. b4 axb4 18. axb4 Nxb4 19. Nxb4 Bxb4 20. Rxa8 Rxa8 21.
Ra1 Rxa1+ 22. Bxa1 Bd6 23. Nd2 Qa5 24. Bb2 Qa2 25.
Bc1 Qa1 26. Qf1 b6 27. Ne4 Nxe4 28. dxe4 Be6 29. Bd2 Qa4 30. Qd3 Bxc4 31. Qf3 b5 32.
Qf5 Be6 33. Qh5 Bf8 34. f4 b4 35. f5 Bc4 36. f6 g6 37. Qg4 b3 38. h5 b2 39. hxg6 b1=Q+ 40. Kh2 Qa6 41. gxf7+ Kxf7 42. Qh5+ Ke6 0-1

[Event "*** Titled Tuesday Blitz"]
[Site "Chess.com"]
[Date "2020.05.12"]
[Round "5"]
[White "abykhovsky"]
[Black "bilelou"]
[Result "1-0"]
[WhiteElo "2683"]
[BlackElo "2511"]
[TimeControl "180+1"]
[EndTime "10:56:24 PDT"]
[Termination "abykhovsky won on time"]

1. d4 Nf6 2. Nf3 e6 3. Bg5 d5 4. c4 Bb4+ 5. Nc3 h6 6. Bxf6 Qxf6 7. Qa4+ Nc6 8. e3 O-O 9. cxd5 exd5 10. Be2 Rd8 11. O-O Be6 12. Rfc1 Bf8 13. a3 a6 14. Qb3 Rab8 15. Na4 Bd6 16. Nc5 Ne7 17. Qd1 Ng6 18.
b4 c6 19. a4 Bc8 20. b5 axb5 21. axb5 h5 22. Rab1 h4 23. h3 Ne7 24. bxc6 bxc6 25. Rxb8 Bxb8 26. Nd3 Ng6 27. Qc2 Bd7 28. Nc5 Be8 29.
Rb1 Bc7 30. Rb7 Qd6 31. Bd3 Ra8 32. Bxg6 fxg6 33. Rb1 g5 34. Ne5 Qf6 35. Qc3 Qf5 36. Rc1 Ra2 37. Rf1 Bh5 38. Nxc6 Kh7 39. Nb4 Re2 40. Qd3 Qxd3 41. Ncxd3 Bf7 42. Ne5 Be6 43. Rc1 Bd8 44. Nbc6 Bf6 45. Ng4 Kg6 46. Nce5+ Kh7 47. Kf1 Ra2 48. Rc7 Bxg4 49. Nxg4 Ra1+ 50. Ke2 Ra2+ 51.
Kf3 Kg6 52. Rd7 Ra5 53. Rd6 Rb5 54. Ne5+ Kf5 55. Nd3 Kg6 56. Nc5 Kf7 57. Rxd5 Be7 58. Rd7 1-0

[Event "*** Titled Tuesday Blitz"]
[Site "Chess.com"]
[Date "2020.05.12"]
[Round "5"]
[White "ljuks68"]
[Black "ama18"]
[Result "1-0"]
[WhiteElo "2389"]
[BlackElo "2503"]
[TimeControl "180+1"]
[EndTime "10:56:24 PDT"]
[Termination "ljuks68 won on time"]

1. e4 c5 2. Nf3 d6 3. d4 cxd4 4. Nxd4 Nf6 5. Nc3 a6 6. Bg5 Nbd7 7. Bc4 Qb6 8. Bb3 Qc5 9. f4 e6 10. Qd2 Qc7 11. O-O-O Nc5 12. Bxf6 gxf6 13. f5 b5 14. Qe2 h5 15. Rhf1 Nxb3+ 16. axb3 Be7 17. Qf3 Rb8 18. Qg3 b4 19. Na4 e5 20. Nf3 Bd7 21. Nd2 Bxa4 22. bxa4 b3 23. Nxb3 Qc6 24. a5 Qxe4 25. Qd3 Qxd3 26.
Rxd3 Rg8 27. Rf2 Rb4 28. Rc3 Kd7 29. Rd2 Rc8 30. Nc5+ Ke8 31. Nxa6 Rxc3 32. Nxb4 Rc4 33. Nd5 Bd8 34. b4 Kd7 35. Kb2 Kc6 36. Kb3 Rg4 37. c4 e4 38. a6 Bb6 39. Nxb6 Kxb6 40. Rxd6+ Ka7 41. b5 e3 42. Rd1 Rxg2 43. Re1 e2 44. Kb4 Rf2 45. Kc5 Rxf5+ 46. Kc6 Rf3 47. Kc7 Rc3 48. b6+ Kxa6 49. Ra1+ 1-0

[Event "*** Titled Tuesday Blitz"]
[Site "Chess.com"]
[Date "2020.05.12"]
[Round "5"]
[White "Vusatiuk_Vladimir"]
[Black "louis198"]
[Result "1-0"]
[WhiteElo "2334"]
[BlackElo "2477"]
[TimeControl "180+1"]
[EndTime "10:56:25 PDT"]
[Termination "Vusatiuk_Vladimir won by checkmate"]

1. e4 e6 2. d4 d5 3. Nd2 Nc6 4. Ngf3 Nf6 5. exd5 exd5 6. Bd3 Bd6 7. c3 O-O 8. O-O Ne7 9. h3 c6 10.
Re1 Ng6 11. Nf1 Qc7 12. Qc2 Bd7 13. Bg5 Nh5 14. Ne3 Bf4 15. Ng4 Rae8 16. Bxf4 Nhxf4 17. Nge5 Bc8 18. Bf1 f6 19. Nxg6 hxg6 20. Nh4 g5 21. Ng6 Nxg6 22. Qxg6 Qf7 23. Qxf7+ Kxf7 24. Bd3 g4 25. h4 f5 26. g3 Kf6 27. a4 g5 28.
hxg5+ Kxg5 29. Kg2 b6 30. Rxe8 Rxe8 31. Rh1 Re7 32.
Rh8 Bb7 33. Rg8+ Kf6 34. Rf8+ Kg7 35. Rxf5 c5 36. Rg5+ Kf6 37. Rxg4 c4 38. Bb1 Re2 39. Rg6+ Kf7 40. Rh6 Rxb2 41. Bf5 b5 42. Rh7+ Kf6 43. g4 bxa4 44. Kg3 Bc8 45. Bxc8 Rb8 46. Bf5 Rg8 47. Rxa7 Rb8 48. Rxa4 Rb3 49. Ra6+ Kg7 50. Kf4 Rxc3 51.
Kg5 Rf3 52. Ra7+ Kf8 53. Kf6 Kg8 54. Ra8# 1-0